Map: Ruins of Endion

Players

Knives

  • Race: Protoss Protoss
  • League: Silver
  • Spawn Location: 5:00

Fropez - Winner!

  • Race: Protoss Protoss
  • League: Silver
  • Spawn Location: 7:00

VOD

Have the link to the VOD?

Description

Time

  • Played on: July 9, 2016, 11:42 a.m.
  • Length: 6:21
Show
View Real Time Build Order
Export as new Build Order

Knives Protoss 

Build Orders: Oracle Opening 

Get SALT Encoding   

  12  0:01  Probe (Chrono Boost)  
  13  0:11  Probe (Chrono Boost)  
  14  0:19  Pylon  
  14  0:25  Assimilator  
  14  0:28  Probe (Chrono Boost)  
  15  0:39  Probe (Chrono Boost)  
  16  0:46  Gateway  
  17  0:50  Probe (Chrono Boost)  
  17  1:00  Probe (Chrono Boost)  
  18  1:09  Pylon  
  18  1:18  Gateway  
  18  1:22  Probe (Chrono Boost)  
  19  1:26  Assimilator  
  19  1:43  Cybernetics Core  
  19  1:46  Probe (Chrono Boost)  
  20  1:57  Zealot  
  20  1:59  Probe (Chrono Boost)  
  23  2:07  Zealot  
  25  2:10  Probe (Chrono Boost)  
  26  2:20  Warp Gate (Chrono Boost)  
  26  2:25  Sentry  
  27  2:34  Stalker  
  29  2:43  Probe  
  30  2:55  Probe  
  30  2:56  Stargate  
  31  3:09  Pylon  
  31  3:11  Pylon  
  31  3:19  Pylon  
  31  3:27  Probe, Stalker  
  33  3:39  Probe, Oracle  
  31  3:51  Probe  
  32  4:03  Probe  
  33  4:17  Nexus  
  33  4:19  Probe  
  34  4:32  Probe  
  34  4:33  Oracle  
  38  4:44  Probe  
  39  4:56  Probe  
  38  5:16  Probe  
  38  5:17  Stalker x2  
  43  5:28  Probe  
  44  5:40  Probe  
  42  5:52  Probe  
  42  5:55  Stalker x2  
  38  6:04  Probe  
Show
View Real Time Build Order
Export as new Build Order

Fropez Protoss - Winner!

Build Orders:  

Get SALT Encoding   

  12  0:01  Probe (Chrono Boost)  
  13  0:21  Pylon  
  13  0:26  Assimilator  
  13  0:39  Gateway  
  13  0:41  Probe (Chrono Boost)  
  14  0:52  Probe (Chrono Boost)  
  14  0:56  Pylon  
  15  1:02  Probe (Chrono Boost)  
  16  1:14  Gateway  
  16  1:28  Cybernetics Core  
  16  1:35  Probe (Chrono Boost)  
  17  1:46  Probe (Chrono Boost)  
  18  1:50  Pylon  
  18  1:56  Probe (Chrono Boost)  
  19  2:04  Adept  
  19  2:05  Adept  
  23  2:15  Assimilator  
  23  2:20  Mothership Core (Chrono Boost)  
  25  2:23  Warp Gate (Chrono Boost)  
  25  2:37  Gateway  
  25  2:43  Probe  
  26  2:55  Probe  
  27  3:00  Pylon  
  26  3:07  Probe  
  25  3:55  Probe  
  24  4:01  Gateway  
  24  4:02  Gateway  
  24  4:03  Pylon  
  24  4:09  Probe  
  25  4:18  Adept x3  
  25  4:23  Probe  
  32  4:31  Forge  
  32  4:35  Probe  
  33  4:39  Adept x2  
  33  4:40  Adept  
  39  5:14  Stalker x3  
  39  5:17  Probe  
  46  5:29  Probe  
  46  5:34  Stalker x2  
  51  5:41  Probe  
  50  5:53  Adept x2  
  50  5:54  Probe  
  55  6:09  Pylon  
  55  6:11  Pylon  
Tags
 
Matchup
PvP
Replay Pack
All Mines
Spawn Locations
Close Positions
Add a new tag
Caveats
  • Supply blocks, unpowered buildings, or Contaminate may cause inaccurate times.
  • Supply counts are checked every 10 seconds.